 Dungeon Crawl Stone Soup version 0.18-a0-1748-g7377c14 (webtiles) character file.

3633 dohliylev the Covert (level 9, -7/59 HPs)
             Began as a Vampire Enchanter on Apr 12, 2016.
             Was a Follower of Dithmenos.
             Mangled by an orc warrior
             ... wielding a +0 halberd
              (15 damage)
             ... on level 9 of the Dungeon.
             The game lasted 00:50:05 (7977 turns).

dohliylev the Covert (Vampire Enchanter)            Turns: 7977, Time: 00:50:06

Health: -7/59      AC:  6    Str:  7    XL:     9   Next: 87%
Magic:  1/16       EV: 15    Int: 18    God:    Dithmenos [*.....]
Gold:   319        SH:  5    Dex: 17    Spells: 3 memorised, 12 levels left

rFire  . . .     SeeInvis +     a - +2 dagger (venom)
rCold  + + .     Gourm    .     H - +2 robe {MR+}
rNeg   + + +     Faith    .     (no shield)
rPois  +         Spirit   .     (no helmet)
rElec  .         Dismiss  .     q - +0 cloak
rCorr  .         Reflect  +     (no gloves)
SustAt .         Harm     .     A - +0 pair of boots {Fly}
MR     +....     Rnd*Tele +     r - +5 amulet of reflection
Stlth  +++++++++.               F - ring of teleportation (curse)
                                B - ring of stealth

@: flying, regenerating slowly, wreathed by umbra, somewhat resistant to hostile
enchantments, incredibly stealthy
A: fangs 3, see invisible, unbreathing
a: Bat Form, Renounce Religion, Stop Flying


You were on level 9 of the Dungeon.
You worshipped Dithmenos.
Dithmenos was aware of your devotion.
You were near bloodless.

You visited 2 branches of the dungeon, and saw 10 of its levels.

You collected 319 gold pieces.

Inventory:

Hand Weapons
 a - a +2 dagger of venom (weapon)
 b - a +2 dagger of protection
 c - a +0 blowgun
 S - a +3 rapier of venom
Missiles
 j - 84 poisoned needles
 o - 4 needles of confusion
 V - 8 tomahawks (quivered)
Armour
 q - a +0 cloak (worn)
 u - the +1 cloak of Negligence {+Inv +Fly rPois Dex-5}
   (You found it on level 4 of the Dungeon)

   It affects your dexterity (-5).
   It protects you from poison.
   It lets you turn invisible.
   It lets you fly.
 A - a +0 pair of boots of flying (worn)
 H - a +2 robe of magic resistance (worn)
Magical Staves
 U - an uncursed staff of energy {unknown}
Jewellery
 r - a +5 amulet of reflection (around neck)
 B - a ring of stealth (left hand)
 F - a cursed ring of teleportation (right hand)
 N - an uncursed amulet of dismissal {unknown}
 W - a cursed +2 ring of protection {unknown}
 X - an uncursed ring of protection from magic {unknown}
Wands
 v - a wand of random effects (30/48)
 y - a wand of disintegration (13/24)
 D - a wand of digging (14/24)
 I - a wand of flame (15/48)
 J - a wand of digging (12/24)
Scrolls
 g - 8 scrolls of remove curse {unknown}
 i - 3 scrolls of immolation {unknown}
 k - 8 scrolls of amnesia {unknown}
 n - 2 scrolls of fear {unknown}
 s - a scroll of fog {unknown}
 t - 3 scrolls of magic mapping {unknown}
 w - a scroll of enchant armour {unknown}
 E - 2 scrolls of teleportation {unknown}
 K - 7 scrolls of identify {unknown}
 M - a scroll of blinking {unknown}
 O - a scroll of random uselessness {unknown}
 P - a scroll of noise {unknown}
 Q - a scroll of vulnerability {unknown}
 R - a scroll of recharging {unknown}
 T - 2 scrolls of enchant weapon {unknown}
Potions
 d - 14 potions of blood
 e - a potion of lignification {unknown}
 f - a potion of brilliance {unknown}
 h - a potion of curing
 l - a potion of berserk rage {unknown}
 m - 2 potions of flight {unknown}
 p - 2 potions of haste {unknown}
 x - a potion of cure mutation {unknown}
 z - a potion of ambrosia {unknown}
 C - 2 potions of heal wounds {unknown}
 G - a potion of might {unknown}
 Y - a potion of degeneration {unknown}
Books
 L - a book of Maledictions

   Spells                             Type                      Level
   a - Corona                         Hexes                        1
   b - Ensorcelled Hibernation        Hexes/Ice                    2
   c - Confuse                        Hexes                        3
   d - Tukima's Dance                 Hexes                        3
   e - Dazzling Spray                 Conjuration/Hexes            3
 Z - a book of Party Tricks

   Spells                             Type                      Level
   a - Summon Butterflies             Summoning                    1
   b - Apportation                    Translocation                1
   c - Tukima's Dance                 Hexes                        3
   d - Alistair's Intoxication        Transmutation/Poison         5
   e - Invisibility                   Hexes                        6


   Skills:
 + Level 1.0 Fighting
 + Level 4.0 Short Blades
 + Level 0.5 Throwing
 + Level 5.2 Dodging
 + Level 14.3 Stealth
 + Level 5.3 Spellcasting
 + Level 0.3 Conjurations
 + Level 8.7 Hexes
 + Level 4.2 Ice Magic


You had 12 spell levels left.
You knew the following spells:

 Your Spells              Type           Power        Failure   Level  Hunger
a - Corona                Hex            #####..      1%          1    None
b - Ensorcelled Hibernat  Hex/Ice        ####..       1%          2    #......
c - Dazzling Spray        Conj/Hex       ###.....     10%         3    ##.....


Dungeon Overview and Level Annotations

Branches:
Dungeon (9/15)             Temple (1/1) D:7             Orc (0/2) D:9
   Lair: D:8-11

Altars:
Ashenzari
Cheibriados
Dithmenos
Elyvilon
Fedhas
Gozag
Kikubaaqudgha
Makhleb
Okawaru
Pakellas
Qazlal
Ru
Sif Muna
Trog
Vehumet
Xom
Yredelemnul
Zin
The Shining One

Shops:
D:8 !

Annotations:
D:3 M4edhros's ghost, amateur OpAr
D:4 Uberwunderbarhen's ghost, novice OpTm


Innate Abilities, Weirdness & Mutations

You heal slowly.
You have razor-sharp teeth.
You have supernaturally acute eyesight.
You can survive without breathing.


Message History

Dithmenos accepts your kill. The orc warrior closely misses you.
The orc warrior hits you but does no damage.
The orc misses you.
You hit the orc.
The orc is almost dead.
The orc misses you.
The orc warrior hits you with a hand axe!
* * * LOW HITPOINT WARNING * * *
The orc warrior barely misses you. The orc misses you.
The orc closely misses you.
You hit the orc.
You kill the orc!
Dithmenos accepts your kill. The orc misses you.
You hit the orc.
The orc is poisoned.
The orc is moderately wounded.
You block the orc warrior's attack.
The orc warrior hits you with a halberd!
You die...

### ### ##
#######8###8###8##
#§≈§o#..%#...#...#.
#≈§@o#............o
#≈ooo).............
#≈≈$)#...%........o
#≈≈≈.#..(#...#...
#######8###8## ###
###


You could see 2 orc warriors and 3 orcs.

Vanquished Creatures
  Prince Ribbit (D:6)
  Sigmund (D:6)
  Menkaure (D:6)
  Edmund (D:6)
  A sky beast (D:5)
  A phantom (D:6)
  3 orc warriors
  3 ice beasts
  A black bear (D:7)
  2 ogres
  3 centaurs
  Blork the orc (D:4)
  2 big kobolds
  3 giant frogs
  A gnoll sergeant (D:7)
  3 scorpions
  8 killer bees
  4 crimson imps
  A giant frog zombie (D:7)
  2 jellies
  An orc priest (D:8)
  A gnoll shaman (D:8)
  3 orc wizards
  A hound (D:8)
  6 worker ants
  A killer bee zombie (D:8)
  8 gnolls
  7 adders
  2 oozes
  3 adder skeletons
  A dart slug (D:2)
  4 giant geckos
  29 orcs
  4 giant cockroaches
  7 goblins
  4 hobgoblins
  A quokka (D:7)
  3 ball pythons
  6 bats
  A giant cockroach zombie (D:6)
  2 giant gecko skeletons
  2 gnoll zombies (D:8)
  32 kobolds
  12 rats
184 creatures vanquished.

Vanquished Creatures (others)
  A hound zombie (D:6)
  2 plants (D:6)
3 creatures vanquished.

Grand Total: 187 creatures vanquished

Notes
Turn   | Place    | Note
--------------------------------------------------------------
     0 | D:1      | dohliylev the Vampire Enchanter began the quest for the Orb.
     0 | D:1      | Reached XP level 1. HP: 13/13 MP: 3/3
   224 | D:1      | Reached skill level 5 in Stealth
   266 | D:1      | Reached XP level 2. HP: 19/19 MP: 5/5
   270 | D:1      | Learned a level 2 spell: Ensorcelled Hibernation
   684 | D:1      | Reached skill level 6 in Stealth
   696 | D:1      | Reached XP level 3. HP: 24/24 MP: 6/6
   909 | D:2      | Found a bloodstained altar of Trog.
  1108 | D:2      | Reached skill level 7 in Stealth
  1335 | D:2      | Found a glowing silver altar of Zin.
  1336 | D:2      | Found an opulent altar of Gozag.
  1685 | D:3      | Noticed M4edhros's ghost (amateur OpAr)
  1717 | D:2      | Reached XP level 4. HP: 30/30 MP: 3/7
  1725 | D:2      | Learned a level 3 spell: Dazzling Spray
  1787 | D:4      | Noticed Blork the orc
  1803 | D:4      | Killed Blork the orc
  1803 | D:4      | Reached skill level 8 in Stealth
  1819 | D:4      | Reached XP level 5. HP: 28/35 MP: 3/8
  1958 | D:4      | Got a transparent cloak
  1970 | D:4      | Identified the +1 cloak of Negligence {+Inv +Fly rPois Dex-5} (You found it on level 4 of the Dungeon)
  1988 | D:4      | Noticed Uberwunderbarhen's ghost (novice OpTm)
  2153 | D:5      | Entered Level 5 of the Dungeon
  2364 | D:5      | Reached skill level 9 in Stealth
  2390 | D:5      | HP: 1/35 [poisoned by a scorpion]
  2391 | D:5      | Reached skill level 5 in Hexes
  2391 | D:5      | Reached XP level 6. HP: 1/41 MP: 1/9
  2647 | D:5      | Reached skill level 1 in Ice Magic
  3166 | D:5      | Noticed a sky beast
  3170 | D:5      | Killed a sky beast
  3170 | D:5      | Reached XP level 7. HP: 46/46 MP: 6/11
  3353 | D:6      | Noticed Sigmund
  3361 | D:6      | Killed Sigmund
  3361 | D:6      | Reached skill level 10 in Stealth
  3369 | D:6      | Noticed Edmund
  3377 | D:6      | Killed Edmund
  3518 | D:6      | Noticed Prince Ribbit
  3524 | D:6      | Killed Prince Ribbit
  3524 | D:6      | Reached skill level 11 in Stealth
  3524 | D:6      | Reached XP level 8. HP: 53/53 MP: 7/13
  3580 | D:6      | Noticed Menkaure
  3595 | D:6      | Killed Menkaure
  4203 | D:6      | Found a shimmering altar of Xom.
  4216 | D:6      | Reached skill level 12 in Stealth
  4762 | D:7      | Found a staircase to the Ecumenical Temple.
  4769 | Temple   | Entered the Ecumenical Temple
  4931 | Temple   | Became a worshipper of Dithmenos the Shadowed
  5025 | D:7      | Found a glowing golden altar of the Shining One.
  5025 | D:7      | Found an oddly glowing altar of Pakellas.
  5366 | D:7      | Reached XP level 9. HP: 58/58 MP: 10/15
  5545 | D:7      | Reached skill level 13 in Stealth
  5952 | D:7      | Reached skill level 5 in Dodging
  6058 | D:7      | Found a deep blue altar of Sif Muna.
  6556 | D:8      | Reached * piety under Dithmenos
  6642 | D:8      | Reached skill level 5 in Spellcasting
  6709 | D:8      | Found Vepebb's Distillery.
  6839 | D:8      | Found a basalt altar of Yredelemnul.
  6954 | D:8      | Reached skill level 1 in Fighting
  6992 | D:8      | Reached skill level 14 in Stealth
  7375 | D:8      | Found an ancient bone altar of Kikubaaqudgha.
  7378 | D:8      | Found a shattered altar of Ashenzari.
  7381 | D:8      | Found a sacrificial altar of Ru.
  7937 | D:9      | Found a staircase to the Orcish Mines.
  7977 | D:9      | Mangled by an orc warrior

Vault maps used:
D:1:      onia_arrival_larder
D:2:      grunt_temple_overflow_gold_and_silver, overflow_temple_1_default
D:3:      nicolae_overflow_crystal_walls
D:4:      nicolae_elemental_shop, uniq_blork_the_orc
D:5:      first_bread
D:6:      kennysheep_kobold_camp, kennysheep_mini_moat, uniq_sigmund,
          uniq_edmund, uniq_prince_ribbit1, uniq_menkaure
D:7:      lemuel_blue_sif_altar, amethyst_overflow_temple_binary,
          minmay_temple_entry_grid
D:8:      lemuel_zombie_altar_yredelemnul, grunt_temple_overflow_diamond,
          serial_shops, shop
D:9:      david_orc_4, uniq_gastronok, uniq_erolcha
Temple:   minmay_temple_curvy_8

Skill      XL: |  1  2  3  4  5  6  7  8  9 |
---------------+----------------------------+-----
Stealth        | 5 6 7 8 9 11 12 14 | 14.3
Hexes          | 5 6 7 8 |  8.7
Ice Magic      | 1 2 3 4 |  4.2
Dodging        | 3 4 5 |  5.2
Short Blades   | 2 3 4 |  4.0
Spellcasting   | 3 4 5 |  5.3
Fighting       | 1 |  1.0
Throwing       | |  0.5
Conjurations   | |  0.3

Action                   |  1- 3 |  4- 6 |  7- 9 || total
-------------------------+-------+-------+-------++-------
Melee: Dagger            |   110 |    91 |   270 ||   471
       Bite              |     9 |     6 |    18 ||    33
 Fire: Blowgun           |       |       |     5 ||     5
Throw: Tomahawk          |       |       |     3 ||     3
 Cast: Ensorcelled Hiber |     7 |    31 |    82 ||   120
       Dazzling Spray    |       |     2 |    14 ||    16
       Corona            |       |       |     1 ||     1
  Use: Potion            |       |     4 |     1 ||     5
 Stab: Sleeping          |    30 |    17 |    65 ||   112
       Invisible         |       |       |     3 ||     3
Armor: Robe              |    17 |    12 |    30 ||    59
Dodge: Dodged            |    32 |    38 |   157 ||   227
Block: Other             |       |     7 |    50 ||    57
       Reflected         |       |       |     3 ||     3
